 Dungeon Crawl Stone Soup version 0.20.1-1-g8b1a95d (webtiles) character file.

4779 Monsterracer the Zephyrmancer (level 10, -3/59 HPs)
             Began as a Tengu Air Elementalist on Aug 14, 2017.
             Was an Initiate of Ashenzari.
             Slain by a phantom (5 damage)
             ... on level 8 of the Dungeon.
             The game lasted 00:26:59 (8973 turns).

Monsterracer the Zephyrmancer (TeAE)                Turns: 8973, Time: 00:27:00

Health: -3/59      AC:  5    Str: 13    XL:     10   Next: 47%
Magic:  10/19      EV: 17    Int: 21    God:    Ashenzari [......]
Gold:   537        SH:  0    Dex: 14    Spells: 2/20 levels left

rFire    + + +     SeeInvis .   y - +3 dagger (flame) (curse)
rCold    . . .     Gourm    .   (no shield)
rNeg     . . .     Faith    .   e - +2 leather armour of Inquiry {*Corrode rElec rF+++ Str+4} (curse)
rPois    .         Spirit   .   (helmet restricted)
rElec    +         Reflect  .   (no cloak)
rCorr    +         Harm     .   (no gloves)
MR       .....                  (boots unavailable)
Stlth    ++........             j - amulet of regeneration (curse)
Regen    0.6/turn               d - +2 ring of intelligence (curse)
MPRegen  0.2/turn               u - ring of resist corrosion (curse)

@: flying quickly and evasively (expiring), quick
A: beak, talons 3, able to fly 1
a: Curse Item, Renounce Religion


You were on level 8 of the Dungeon.
You worshipped Ashenzari.
Ashenzari was noncommittal.
You were very hungry.

You visited 2 branches of the dungeon, and saw 10 of its levels.

You collected 537 gold pieces.

Inventory:

Hand Weapons
 y - a cursed +3 dagger of flaming (weapon)
 A - a +1 scimitar of flaming
Armour
 e - the cursed +2 leather armour of Inquiry (worn) {*Corrode rElec rF+++ Str+4}
   (You found it on level 5 of the Dungeon)

   It affects your strength (+4).
   It renders you almost immune to fire.
   It insulates you from electricity.
   It may corrode you when you take damage.
   It has a curse placed upon it.
Magical Staves
 D - an uncursed staff of power
Jewellery
 d - a cursed +2 ring of intelligence (left hand)
 j - a cursed amulet of regeneration (around neck)
 m - an uncursed ring of see invisible
 u - a cursed ring of resist corrosion (right hand)
Wands
 a - a wand of lightning (6/15)
 b - a wand of confusion (30/48)
 o - a wand of polymorph (12/24)
 s - a wand of confusion (22/48)
 x - a wand of random effects (22/48)
Scrolls
 h - 2 scrolls of blinking
 l - 3 scrolls of remove curse
 n - 5 scrolls of identify
 p - 2 scrolls of recharging
 q - 7 scrolls of teleportation
Potions
 f - 5 potions of curing
 g - a potion of heal wounds
 k - 6 potions of agility
 r - 4 potions of flight
 t - a potion of lignification
 v - 3 potions of brilliance
Books
 B - a book of Power

   Spells                             Type                      Level
   a - Iskenderun's Battlesphere      Conjuration/Charms           5
   b - Venom Bolt                     Conjuration/Poison           5
   c - Bolt of Magma                  Conjuration/Fire/Earth       5
   d - Iron Shot                      Conjuration/Earth            6
   e - Orb of Destruction             Conjuration                  7
   f - Spellforged Servitor           Conjuration/Summoning        7
Comestibles
 c - 5 bread rations
 i - 4 meat rations
 w - a royal jelly
 C - 6 fruits


   Skills:
 + Level 5.1 Fighting
 + Level 5.3 Dodging
 - Level 2.0 Stealth
 + Level 5.8 Spellcasting
 * Level 11.0 Conjurations
 * Level 11.5 Air Magic


You had 2 spell levels left.
You knew the following spells:

 Your Spells              Type           Power        Failure   Level  Hunger
a - Shock                 Conj/Air       ####         1%          1    None
b - Lightning Bolt        Conj/Air       ######....   3%          5    #####..
c - Static Discharge      Conj/Air       ######..     1%          3    ##.....
d - Airstrike             Air            ######....   1%          4    ####...
e - Swiftness             Chrm/Air       ####....     1%          2    None
f - Ozocubu's Armour      Chrm/Ice       #.......     36%         3    ##.....


Dungeon Overview and Level Annotations

Branches:
Dungeon (9/15)             Temple (1/1) D:7
   Lair: D:8-11         Orc: D:9-12

Altars:
Ashenzari
Cheibriados
Dithmenos
Elyvilon
Fedhas
Gozag
Hepliaklqana
Kikubaaqudgha
Makhleb
Okawaru
Qazlal
Sif Muna
Trog
Uskayaw
Vehumet
Xom
Yredelemnul
Zin
The Shining One

Annotations:
D:3 Monsterracer's ghost, weakling DrTm
D:8 Joseph


Innate Abilities, Weirdness & Mutations

You have a beak for a mouth.
You have claws for feet.
You can fly.


Message History

The phantom is heavily damaged.
The lightning arcs!
You are struck by lightning.
You resist.
The lightning arcs!
The phantom is struck by lightning.
The phantom is heavily damaged.
The lightning grounds out.
The phantom closely misses you.
Damage: -4%(-2hp) hp: 28%(16hp) Unknown command.
Casting: Static Discharge
Confirm with . or Enter, or press ? or * to list all spells.
Joseph is struck by lightning.
Joseph is severely wounded.
The lightning grounds out.
Joseph hits you with a quarterstaff!
* * * LOW HITPOINT WARNING * * *
The phantom closely misses you.
Huge Dmg: -22%(-13hp) hp: 6%(3hp) Unknown command.
You feel much better. Joseph hits you with a quarterstaff!!
* * * LOW HITPOINT WARNING * * *
The phantom hits you.
You die...

##...# #.# ###......##.#..# #
#...######.#####.####.......###
##........#.......#####.........
##..#............................
....................####.....#...
.###................# #######...
## #................# ####
#...........@.W..#
#............@...#
#................#
##..............##
##.....##.....## ##############


You could see Joseph and a phantom.

Vanquished Creatures
  Erica (D:8)
  The ghost of greenice the Fencer, a novice MiFi of Okawaru (D:8)
  A centaur skeleton (D:7)
  A hungry ghost (D:8)
  An acid dragon (D:6)
  Duvessa (D:5)
  An ice beast (D:6)
  A black bear (D:8)
  2 orc warriors
  2 phantoms
  A necrophage (D:6)
  A sky beast (D:8)
  An ogre (D:4)
  A big kobold (D:8)
  4 bullfrogs
  3 scorpions
  Dowan (D:5)
  5 killer bees
  7 wights
  3 howler monkeys
  2 crimson imps
  A bullfrog zombie (D:7)
  5 orc priests
  3 hounds
  4 orc wizards
  An iguana (D:5)
  Jessica (D:3)
  Terence (D:3)
  7 worker ants
  A hound zombie (D:7)
  2 worker ant zombies
  7 adders
  2 shadow imps
  An ooze (D:2)
  2 adder skeletons
  2 adder zombies
  3 worms
  2 dart slugs (D:1)
  5 leopard geckos
  22 orcs
  4 bats
  14 giant cockroaches
  8 hobgoblins
  8 jackals
  3 quokkas
  2 frilled lizards (D:1)
  11 goblins
  A jackal skeleton (D:8)
  13 kobolds
  A leopard gecko skeleton (D:5)
  A quokka skeleton (D:8)
  11 rats
190 creatures vanquished.

Vanquished Creatures (others)
  2 goblins (D:1)
2 creatures vanquished.

Grand Total: 192 creatures vanquished

Notes
Turn   | Place    | Note
-------+----------+-------------------------------------------
     0 | D:1      | Monsterracer the Tengu Air Elementalist began the quest for the Orb.
     0 | D:1      | Reached XP level 1. HP: 10/10 MP: 4/4
   337 | D:1      | Reached XP level 2. HP: 15/15 MP: 1/6
   381 | D:1      | Learned a level 2 spell: Swiftness
   683 | D:1      | Reached XP level 3. HP: 19/19 MP: 2/7
   688 | D:1      | Learned a level 3 spell: Static Discharge
  1261 | D:2      | Reached skill level 5 in Air Magic
  1261 | D:2      | Reached XP level 4. HP: 21/24 MP: 5/8
  2029 | D:3      | Noticed Jessica
  2034 | D:3      | Killed Jessica
  2034 | D:3      | Gained mutation: You can fly. [Tengu growth]
  2034 | D:3      | Reached XP level 5. HP: 28/28 MP: 4/9
  2231 | D:3      | Noticed Monsterracer's ghost (weakling DrTm)
  2260 | D:3      | HP: 14/28 [Monsterracer's ghost (6)]
  2481 | D:3      | Noticed Terence
  2497 | D:3      | Killed Terence
  2721 | D:3      | HP: 11/28 [bounced beam (6)]
  2744 | D:3      | Reached XP level 6. HP: 12/32 MP: 2/11
  3097 | D:4      | Reached skill level 5 in Conjurations
  3125 | D:4      | Learned a level 4 spell: Airstrike
  3967 | D:4      | Reached XP level 7. HP: 36/36 MP: 6/12
  4128 | D:5      | Entered Level 5 of the Dungeon
  4566 | D:5      | Noticed Dowan
  4568 | D:5      | Noticed Duvessa
  4582 | D:5      | Killed Dowan
  4584 | D:5      | HP: 21/54 [Duvessa/short sword (15)]
  4589 | D:5      | Killed Duvessa
  4670 | D:5      | Reached skill level 1 in Fighting
  4670 | D:5      | Reached XP level 8. HP: 32/43 MP: 4/14
  4787 | D:5      | Found a basalt altar of Yredelemnul.
  4826 | D:5      | Got an encrusted leather armour
  4837 | D:5      | Identified the +2 leather armour of Inquiry {*Corrode rElec rF+++ Str+4} (You found it on level 5 of the Dungeon)
  6116 | D:7      | Reached XP level 9. HP: 48/48 MP: 6/16
  6211 | D:7      | Found a glowing silver altar of Zin.
  6329 | D:7      | Learned a level 5 spell: Lightning Bolt
  6389 | D:7      | HP: 20/50 [orc warrior/battleaxe (21)]
  6574 | D:7      | HP: 18/50 [orc warrior/battleaxe (19)]
  6831 | D:7      | Reached skill level 10 in Air Magic
  6927 | D:7      | Reached skill level 5 in Spellcasting
  7024 | D:7      | Found a staircase to the Ecumenical Temple.
  7033 | Temple   | Entered the Ecumenical Temple
  7187 | Temple   | Became a worshipper of Ashenzari the Shackled
  7265 | D:7      | Found an iron altar of Okawaru.
  7487 | D:8      | Found a bloodstained altar of Trog.
  7518 | D:8      | Noticed greenice's ghost (novice MiFi)
  7701 | D:8      | Killed greenice's ghost
  7701 | D:8      | Reached skill level 10 in Conjurations
  7702 | D:8      | Noticed Erica
  7809 | D:8      | Killed Erica
  7809 | D:8      | Reached skill level 5 in Dodging
  7809 | D:8      | Reached XP level 10. HP: 30/57 MP: 0/19
  7810 | D:8      | HP: 28/57 [poisoned by Erica (bolt of poison)]
  7815 | D:8      | HP: 27/57 [poisoned by Erica (bolt of poison)]
  7821 | D:7      | HP: 27/57 [poisoned by Erica (bolt of poison)]
  7826 | D:7      | HP: 28/57 [poisoned by Erica (bolt of poison)]
  7969 | D:7      | Learned a level 3 spell: Ozocubu's Armour
  8012 | D:7      | HP: 26/57 [killer bee (5)]
  8015 | D:7      | HP: 10/57 [killer bee (6)]
  8017 | D:7      | HP: 4/57 [poisoned by a killer bee]
  8022 | D:7      | HP: 2/57 [poisoned by a killer bee]
  8027 | D:7      | HP: 1/57 [poisoned by a killer bee]
  8033 | D:7      | HP: 2/57 [poisoned by a killer bee]
  8039 | D:7      | HP: 3/57 [poisoned by a killer bee]
  8047 | D:7      | HP: 6/57 [poisoned by a killer bee]
  8606 | D:8      | Reached skill level 5 in Fighting
  8822 | D:9      | Identified the cursed +1 spear of Starshine {vamp, rElec rF+ rN++}
  8825 | D:9      | Noticed Joseph
  8967 | D:9      | HP: 27/58 [Joseph/quarterstaff (18)]
  8972 | D:8      | HP: 3/58 [Joseph/quarterstaff (14)]
  8973 | D:8      | Slain by a phantom

Skill      XL: |  1  2  3  4  5  6  7  8  9 10 |
---------------+-------------------------------+-----
Conjurations   | 2 3 4 5 7 8 10 11 | 11.0
Air Magic      | 5 6 7 8 9 11 | 11.5
Spellcasting   | 3 4 5 |  5.8
Fighting       | 1 2 4 5 |  5.1
Dodging        | 3 5 |  5.3
Stealth        | |  2.0

Action                   |  1- 3 |  4- 6 |  7- 9 | 10-12 || total
-------------------------+-------+-------+-------+-------++-------
Melee: Unarmed           |     3 |       |       |       ||     3
       Kick              |     1 |    12 |    21 |     4 ||    38
       Dagger            |       |    36 |    27 |    26 ||    89
       Peck              |       |     3 |     9 |     4 ||    16
       Club              |       |     9 |       |       ||     9
       Short sword       |       |    13 |    27 |       ||    40
 Cast: Shock             |    54 |    94 |   159 |    43 ||   350
       Static Discharge  |       |     1 |    13 |    10 ||    24
       Swiftness         |       |     1 |       |       ||     1
       Airstrike         |       |       |    16 |     9 ||    25
       Lightning Bolt    |       |       |     4 |       ||     4
       Ozocubu's Armour  |       |       |       |     1 ||     1
Invok: Curse Item        |       |       |     4 |       ||     4
 Abil: Fly               |       |       |     2 |     3 ||     5
  Use: Scroll            |       |    11 |     9 |     2 ||    22
       Potion            |       |       |     1 |     1 ||     2
 Stab: Sleeping          |     1 |     5 |       |       ||     6
  Eat: Chunk             |     1 |     9 |    11 |     5 ||    26
       Bread ration      |       |       |     1 |       ||     1
       Royal jelly       |       |       |       |     1 ||     1
Armor: Robe              |     3 |    14 |     2 |       ||    19
       Leather armour    |       |       |    21 |    17 ||    38
Dodge: Dodged            |     9 |    53 |    74 |    60 ||   196
